Arrhythmia, chaotic female vampiric Convict ---- --- ------ --..| --.-- ---- |....| |...-- --- |...--- ---..-- ---|....| ---- ---- --...---.----....| |.....| ---- |..--..-- |..-- |..| --.........| --...| |.....| |..---...|..|---|...| ---..| --- |..[|(....-----.|.| |.--.-- --......-|-.--.--...--|...-- |..- ----- --.---....| |...|(--- |.||.| |......--...........--.--- ..---[..--- -----....|--.--|...| |.||.-- |..................<...-------------.|......|-- |......|...| ---.---.||..--- -------.--........(..)*...)...))....(....^-.|.---.---.--.--- |.....||....| ---|.*.........------....------.....).[............| ---...||....| --...........| |.....| -----------%---------- --..|---.-- |........-..-- |.-...-- --- |...| --- |..| --- |.---.---....-- --.)...| ---.-----.----.-- ----- -----..--..--.----.....| ---.....--|...|...| ---.---- |.@...---|........--- --.........|.-.|...| ----- |....|.-- ---- --....-| |........- |..................-----*|.---.......| |..------......| --.|....|. |......----..........--...........|.-- |..............| ----..---- ---....| ----........)..........---- ----------..--.| ---- |..--- --..|.--.--..|.--.--- ------- ---- ------------------ Arrhythmia the Jail-bird Experience level: 7 Strength: 14 Dexterity: 17 Constitution: 18 Intelligence: 12 Wisdom: 10 Charisma: 6 Health: 79(79) Energy: 45(45) AC: 7 Gold: 266 Moves: 2740 Your Inventory: Coins $ - 266 gold pieces Weapons p - an uncursed [+0] crude dagger [orcish] Armor b - a cursed +0 striped shirt (being worn) u - an uncursed +0 hard hat [dwarvish iron helm] (being worn) y - an uncursed +0 large round shield [dwarvish roundshield] F - an uncursed +0 cloak [of fire resistance and warning] called warning [dwarvish] (being worn) I - an [uncursed] +0 pair of walking shoes [low] (being worn) Scrolls f - an uncursed scroll labeled HAPAX LEGOMENON [of charging] q - an uncursed scroll labeled FNORD [of magic mapping] H - an uncursed scroll labeled VE FORBRYDERNE [of light] Wands m - an uncursed wand of digging [0:5] E - an uncursed silver wand [of light (0:11)] Tools x - an uncursed towel Iron balls c - an uncursed heavy iron ball (chained to you) (weapon in hand) Spells known in the end: Name Level Category Fail Memory Your skills at the end: Fighting Skills Weapon Skills sling [Basic / Skilled] Spellcasting Skills Final Attributes: You were piously aligned. Hunger level was -17. Your alignment was 23 / 23. Monster difficulty range was 0 - 6. Level difficulty was 5. You were immune to fire. You were immune to poison. You were immune to level-drain. You were immune to sickness. You were punished. You were warned. You could fly. You could survive without air. You regenerated. You were unlucky (-2). Tymora was angry with you (1). You survived. Vanquished creatures: 3 wolves a raven a bugbear an imp a rock mole a pony a fog cloud 5 gnome lords a red naga hatchling 2 gray oozes a paper golem a baby crocodile 2 giant ants 4 dwarves a rothe a rabid rat 2 orc zombies 2 hobbits 2 giant rats 2 cave spiders 2 yellow molds a green mold 23 gnomes 2 garter snakes 2 geckos 8 jackals 2 foxes 2 goblins a sewer rat a bat a lichen a kobold zombie 2 newts 83 creatures vanquished. Voluntary challenges: You went without food. You never hit with a wielded weapon. You read items or engraved 3 times. You put on armor 10 times. You never genocided any monsters. You never polymorphed an object. You never changed form. You used no wishes. You abstained from Elbereth's help. You encountered 1 bones level. You never used any Sokoban shortcuts. Dungeon overview: The Dungeons of Doom: levels 1 to 3 Level 1 an altar to Tymora a long staircase Level 2 an altar to Tymora Level 3 stairs to The Gnomish Mines The Gnomish Mines: levels 4 to 6 Level 4 stairs to The Dungeons of Doom Level 5 <- You were here History has recorded: On T:1 you entered the Dungeons of Doom to retrieve the Amulet of Yendor! On T:92 you reached level 2 of The Dungeons of Doom. On T:547 you advanced to experience level 2. On T:766 you reached level 3 of The Dungeons of Doom. On T:778 you advanced to experience level 3. On T:1117 you reached level 1 of The Gnomish Mines. On T:1118 you advanced to experience level 4. On T:1133 you advanced to experience level 5. On T:1333 you advanced to experience level 6. On T:1708 you reached level 2 of The Gnomish Mines. On T:1863 you advanced to experience level 7. On T:2643 you reached level 3 of The Gnomish Mines. Latest messages: You feel too weak from hunger to explore. A watchman yells: "Hey! You are the one from the wanted poster!" You see angry guards approaching! The watch captain picks up a knife. You see here a rotten large cat corpse. There is a staircase up here. You see here a spear. With great effort you climb the stairs. You stop searching. You faint from lack of food. You regain consciousness. [53 turns] You stop searching. You faint from lack of food. You regain consciousness. [23 turns] You begin praying to Tymora. You finish your prayer. You feel that Tymora is displeased. [3 turns] Final status: Goodbye Arrhythmia the Convict... You quit in The Gnomish Mines on dungeon level 5 with 3248 points, and 266 pieces of gold, after 2740 moves. You were level 7 with a maximum of 79 hit points when you quit.